 Dungeon Crawl Stone Soup version 0.21-a0-352-g5b8f553 (webtiles) character file.

69 Dfrag the Firebug (level 4, 20/30 HPs)
             Began as a Demonspawn Fire Elementalist on Oct 11, 2017.
             Quit the game on level 1 of the Dungeon.
             The game lasted 00:01:37 (754 turns).

Dfrag the Firebug (Demonspawn Fire Elementalist)     Turns: 754, Time: 00:01:37

Health: 20/30      AC:  4    Str:  8    XL:     4   Next: 2%
Magic:  2/8        EV: 12    Int: 17    God:
Gold:   47         SH:  0    Dex: 14    Spells: 7/8 levels left

rFire    . . .     SeeInvis .   (no weapon)
rCold    . . .     Gourm    .   (no shield)
rNeg     . . .     Faith    .   a - +0 robe
rPois    .         Spirit   .   (no helmet)
rElec    .         Reflect  .   (no cloak)
rCorr    .         Harm     .   (no gloves)
MR       .....                  (no boots)
Stlth    ++........             (no amulet)
HPRegen  0.10/turn              (no ring)
MPRegen  0.11/turn              (no ring)

@: no status effects
A: slimy green scales 1, demonic guardian 1
a: no special abilities


You were on level 1 of the Dungeon.
You were not hungry.

You visited 1 branch of the dungeon, and saw 2 of its levels.

You collected 47 gold pieces.

Inventory:

Armour
 a - a +0 robe (worn)
Scrolls
 d - a scroll of teleportation {unknown}
 f - 3 scrolls of enchant armour {unknown}
 g - a scroll of identify {unknown}
Potions
 e - a potion of invisibility {unknown}
 h - a potion of agility {unknown}
Books
 b - a book of Flames

   Spells                             Type                      Level
   a - Flame Tongue                   Conjuration/Fire             1
   b - Throw Flame                    Conjuration/Fire             2
   c - Conjure Flame                  Conjuration/Fire             3
   d - Inner Flame                    Hexes/Fire                   3
   e - Sticky Flame                   Conjuration/Fire             4
   f - Fireball                       Conjuration/Fire             5
Comestibles
 c - a bread ration
 i - 5 chunks of flesh


   Skills:
 - Level 1.7 Dodging
 - Level 1.7 Stealth
 + Level 2.8 Spellcasting
 + Level 2.3 Conjurations
 + Level 3.3 Fire Magic


You had 7 spell levels left.
You knew the following spells:

 Your Spells              Type           Power        Failure   Level  Hunger
a - Flame Tongue          Conj/Fire      ##...        5%          1    #......


Dungeon Overview and Level Annotations

Branches:
Dungeon (2/15)

Altars:


Innate Abilities, Weirdness & Mutations

You are partially covered in slimy green scales. (AC +2)
A weak demonic guardian rushes to your aid.


Message History

Confirm with . or Enter, or press ? or * to list all spells.
Aiming: Flame Tongue
Press: ? - help, Shift-Dir - straight line, f/p - hobgoblin
Aim: a hobgoblin, wielding a club (heavily wounded)
The flame tongue hits the hobgoblin.
You kill the hobgoblin!
You have reached level 4!
You feel agile.
Your demonic ancestry asserts itself...
You feel the presence of a demonic guardian.
The bat hits you but does no damage.
Casting: Flame Tongue
Confirm with . or Enter, or press ? or * to list all spells.
Aiming: Flame Tongue
Press: ? - help, Shift-Dir - straight line, f - bat
Aim: a bat The flame tongue hits the bat.
You kill the bat!
You climb upwards.
There is a stone staircase leading down here.
Are you sure you want to abandon this character and quit the game? (Confirm with "yes".)

≈.......≈≈≈≈§.....#
.≈.....≈.§§..≈.).)#########
≈≈≈..§≈§≈..§§≈§§..>.......#
§≈≈≈.≈≈≈≈§.≈§≈§≈..#######.#
.....§§...........# #.#
####.######.#####.# #.#
#..# #.# #.# #[# ###)##
####.#####.# ###.# .....#
#........@.# #...# ####.#
#.##.####### #.### .# #.#
#.##.## #.# .# #.# #.##..#
#.# .###.###.###.# ##†# ###
.##...##.# #.# #..# ##..
......##.# #.# #.#######...
...÷.....# #.# #...).......
..######## #.# #########...


There were no monsters in sight!

Vanquished Creatures
  2 adders (D:2)
  An ooze (D:1)
  2 dart slugs (D:1)
  A leopard gecko (D:1)
  6 bats
  2 giant cockroaches (D:1)
  5 goblins (D:1)
  4 hobgoblins
  5 jackals (D:1)
  A frilled lizard (D:1)
  5 kobolds
  7 rats
41 creatures vanquished.

Notes
Turn   | Place    | Note
-------+----------+-------------------------------------------
     0 | D:1      | Dfrag the Demonspawn Fire Elementalist began the quest for the Orb.
     0 | D:1      | Reached XP level 1. HP: 13/13 MP: 3/3
   100 | D:1      | Gained mutation: You are partially covered in slimy green scales. (AC +2) [demonic ancestry]
   100 | D:1      | Reached XP level 2. HP: 8/19 MP: 0/5
   137 | D:1      | Reached skill level 3 in Fire Magic
   315 | D:1      | Reached XP level 3. HP: 19/24 MP: 2/6
   750 | D:2      | Gained mutation: A weak demonic guardian rushes to your aid. [demonic ancestry]
   750 | D:2      | Reached XP level 4. HP: 19/30 MP: 3/8
   754 | D:1      | Quit the game

Vault maps used:
D:1:      onia_arrival_pyramid
D:2:      lemuel_upstairs_altar, first_bread, minmay_nonomino_d4, uniq_robin

Skill      XL: |  1  2  3 |
---------------+----------+-----
Fire Magic     | 3 |  3.3
Conjurations   | 2 |  2.3
Dodging        | |  1.7
Stealth        | |  1.7
Spellcasting   | |  2.8

Action                   |  1- 3 |  4- 6 || total
-------------------------+-------+-------++-------
Melee: Unarmed           |    29 |       ||    29
 Cast: Flame Tongue      |    57 |     2 ||    59
Armor: Robe              |    21 |     1 ||    22
Dodge: Dodged            |    40 |       ||    40

Table legend:
 A = Spawn XP
 B = Non-spawn XP
 C = Spawn XP percentage of total XP
 D = Spawn monster count
 E = Non-spawn monster count
 F = Spawn count percentage of total count
 G = Total turns spent on level
                    A         B        C        D         E        F      G
               +---------+---------+-------+---------+---------+-------+---------
         Total |       0 |      99 |   0.0 |       0 |      41 |   0.0 |   754
               +---------+---------+-------+---------+---------+-------+---------
           D:1 |       0 |      67 |   0.0 |       0 |      34 |   0.0 |   726
           D:2 |       0 |      32 |   0.0 |       0 |       7 |   0.0 |    28
               +---------+---------+-------+---------+---------+-------+---------
